 Dungeon Crawl Stone Soup version 0.29.0-4-gdea44cf6ec (webtiles) character file.

Game seed: 207149857075007635

83 qw the Ruffian (level 4, -11/35 HPs)
             Began as a Ghoul Fire Elementalist on Aug 29, 2022.
             Mangled by an ogre
             ... wielding a +0 giant spiked club
              (28 damage)
             ... on level 4 of the Dungeon.
             The game lasted 00:02:29 (3207 turns).

qw the Ruffian (Ghoul Fire Elementalist)            Turns: 3207, Time: 00:02:30

Health: -11/35     AC:  9    Str: 13    XL:     4   Next: 44%
Magic:  5/5        EV:  5    Int: 10    God:
Gold:   39         SH:  0    Dex:  9    Spells: 5/6 levels left

rFire   . . .      SeeInvis .     - Unarmed
rCold   + . .      Faith    .   (no shield)
rNeg    + + +      Spirit   .   b - +0 chain mail
rPois   inf        Reflect  .   (no helmet)
rElec   .          Harm     .   n - +0 cloak
rCorr   .          Rampage  .   (no gloves)
Will    .....                   (no boots)
Stlth   ..........              (no amulet)
HPRegen 0.00/turn               (no ring)
MPRegen 0.09/turn               (no ring)

@: inhibited regen
A: claws 1, cold resistance 1, negative energy resistance 3, inhibited
regeneration, torment resistance 2, devour on kill
a: no special abilities


You were on level 4 of the Dungeon.
You visited 1 branch of the dungeon, and saw 4 of its levels.

You collected 170 gold pieces.
You spent 131 gold pieces at shops.


Innate Abilities, Weirdness & Mutations

You are immune to poison.
You have sharp fingernails.
Your flesh is cold resistant. (rC+)
You are immune to negative energy. (rN+++)
You do not regenerate when monsters are visible.
You are immune to unholy pain and torment.
You thrive by killing the living.


   Skills:
 - Level 1.1 Fighting
 + Level 0.3 Armour
 - Level 1.7 Dodging
 - Level 2.1 Stealth
 - Level 3.9 Unarmed Combat
 - Level 1.7 Spellcasting
 - Level 0.7 Conjurations
 - Level 2.4 Fire Magic


You had 5 spell levels left.
You knew the following spells:

 Your Spells              Type           Power      Damage    Failure   Level
a - Foxfire               Conj/Fire      16%        2x1d4     99%         1

Your spell library contained the following spells:

 Spells                   Type           Power      Damage    Failure   Level
 Scorch                   Fire           10%        2d6       100%        2
 Conjure Flame            Conj/Fire      4%         6-21      100%        3
 Inner Flame              Hex/Fire       3%         N/A       100%        3
 Flame Wave               Conj/Fire      4%         2d5       100%        4

Inventory:

Missiles
 a - 2 boomerangs (quivered)
Armour
 b - a +0 chain mail (worn)
 n - a +0 cloak (worn)
Scrolls
 c - a scroll of identify
 d - a scroll of butterflies {unknown}
Potions
 e - a potion of mutation {unknown}
 g - a potion of might {unknown}
 h - 2 potions of curing
 i - a potion of cancellation {unknown}
 j - a potion of heal wounds {unknown}

Dungeon Overview and Level Annotations

Branches:
Dungeon (4/15)
 Temple: D:4-7

Altars:
Kikubaaqudgha
Xom

Shops:
D:3 *?


Message History

An endoplasm comes into view.
The endoplasm quivers.
Enter note: You claw the endoplasm!
You kill the endoplasm!
An ogre comes into view. It is wielding a +0 giant spiked club.
The ogre shouts!
Throw: 3 boomerangs
Press: ? - help, Q - select action Shift-Dir - straight line, f - ogre You throw a boomerang.
The boomerang barely misses the ogre.
Throw: 3 boomerangs
Press: ? - help, Q - select action Shift-Dir - straight line, f/p - ogre You throw a boomerang.
The boomerang hits the ogre.
The ogre is lightly wounded.
Throw: 2 boomerangs
Press: ? - help, Q - select action Shift-Dir - straight line, f/p - ogre You throw a boomerang.
The boomerang hits the ogre.
The ogre is lightly wounded.
Throw: 2 boomerangs
Press: ? - help, Q - select action Shift-Dir - straight line, f/p - ogre You throw a boomerang.
The boomerang hits the ogre.
The ogre is moderately wounded.
You scratch the ogre.
The ogre is moderately wounded.
The ogre barely misses you.
You closely miss the ogre.
The ogre is moderately wounded.
You scratch the ogre but do no damage.
The ogre is moderately wounded.
The ogre hits you with a +0 giant spiked club!
You barely miss the ogre.
The ogre is moderately wounded.
You claw the ogre!
The ogre is heavily wounded.
The ogre hits you with a +0 giant spiked club!
You scratch the ogre.
The ogre is severely wounded.
The ogre hits you with a +0 giant spiked club!!
Ouch! That really hurt!
You die...

#..#####......
##............. .
##.....##....... ..
##......##....... ...
##..<...###....... ....
##..#....####......
.....#..##.....###......
......O.#.......##......
.....7@7.......##......
7P..7......##......
7PPP7......##......
7P.P7......##......
77..7......##......
77P7......##......
.......##......
...#....##...... #...<..


You could see an ogre.

Vanquished Creatures
  3 adders
  A dart slug (D:2)
  8 orcs
  6 endoplasms
  A giant cockroach (D:3)
  A goblin (D:3)
  3 hobgoblins
  4 jackals
  2 quokkas (D:1)
  4 ball pythons
  4 bats
  2 frilled lizards
  3 kobolds
  2 rats
44 creatures vanquished.

Notes
Turn   | Place    | Note
-------+----------+-------------------------------------------
     0 | D:1      | qw the Ghoul Fire Elementalist began the quest for the Orb.
     0 | D:1      | Reached XP level 1. HP: 14/14 MP: 2/2
     0 | D:1      | 0 ||| qw: Version: 0.1-a-90-g952f4b7
     0 | D:1      | 0 ||| qw: Game counter: 4071
     0 | D:1      | 0 ||| qw: Always use a shield: true
     0 | D:1      | 0 ||| qw: God list: Okawaru
     0 | D:1      | 0 ||| qw: Allow faded altars: false
     0 | D:1      | 0 ||| qw: Do Orc after D:15 true
     0 | D:1      | 0 ||| qw: Do second Lair branch before Depths: true
     0 | D:1      | 0 ||| qw: Lair rune preference: random
     0 | D:1      | 0 ||| qw: Plans: Normal
     0 | D:1      | 0 ||| PLANNING D:1-11
   229 | D:1      | Reached skill level 1 in Unarmed Combat
   341 | D:1      | You fall into a shaft and drop 1 floor!
   351 | D:2      | 351 ||| Stepping ~*~*~tactically~*~*~ (hiding).
   463 | D:2      | Reached skill level 1 in Fighting
   463 | D:2      | Reached XP level 2. HP: 23/23 MP: 3/3
   588 | D:2      | 588 ||| UPGRADING to +0 leather armour.
   598 | D:2      | 598 ||| DROPPING +0 robe.
   599 | D:2      | 599 ||| DROPPING orb of light.
   600 | D:2      | 600 ||| READING scroll labelled HANAUR JITOQ.
   601 | D:2      | 601 ||| DROPPING potion of magic.
   732 | D:1      | HP: 5/23 [kobold/+0 dagger (3)]
  1020 | D:1      | Found a faded altar of an unknown god.
  1226 | D:1      | Reached skill level 2 in Unarmed Combat
  1402 | D:1      | 1402 ||| UPGRADING to +0 ring mail.
  1412 | D:1      | 1412 ||| DROPPING +0 leather armour.
  1413 | D:1      | 1413 ||| DROPPING amulet of magic regeneration.
  1414 | D:1      | 1414 ||| READING scroll labelled HEHONA ZONLIFO.
  1415 | D:1      | 1415 ||| READING scroll labelled AJOCZA GASSE.
  1416 | D:1      | 1416 ||| READING scroll labelled NIYFINW UW ENK.
  1417 | D:1      | 1417 ||| DRINKING 2 coppery potions.
  1712 | D:2      | Reached XP level 3. HP: 28/28 MP: 4/4
  1843 | D:2      | 1843 ||| READING scroll labelled HOCOLA VYCKI.
  1844 | D:2      | 1844 ||| READING scroll labelled VEMITEECZE.
  1845 | D:2      | 1845 ||| READING scroll labelled TYUFFU DULYDAU.
  1846 | D:2      | 1846 ||| READING scroll labelled OBLUCZOHUE.
  1899 | D:3      | 1899 ||| Stepping ~*~*~tactically~*~*~ (outnumbered).
  1904 | D:3      | 1904 ||| FLEEEEING.
  1905 | D:3      | 1905 ||| FLEEEEING.
  1906 | D:3      | 1906 ||| FLEEEEING.
  1907 | D:3      | 1907 ||| FLEEEEING.
  1909 | D:3      | 1909 ||| FLEEEEING.
  1911 | D:3      | 1911 ||| FLEEEEING.
  1913 | D:3      | 1913 ||| FLEEEEING.
  1914 | D:3      | 1914 ||| STAIRDANCE
  1949 | D:3      | Reached skill level 3 in Unarmed Combat
  2053 | D:3      | Found Hampue's Assorted Antiques.
  2195 | D:3      | 2195 ||| BUYING inky potion (19 gold).
  2195 | D:3      | Bought an inky potion for 19 gold pieces
  2195 | D:3      | 2195 ||| BUYING potion of curing (66 gold).
  2195 | D:3      | Bought a potion of curing for 66 gold pieces
  2195 | D:3      | 2195 ||| BUYING scroll labelled FALEAGG QEGO (22 gold).
  2195 | D:3      | Bought a scroll labelled FALEAGG QEGO for 22 gold pieces
  2195 | D:3      | 2195 ||| SHOPLISTING scroll labelled FALEAGG QEGO (22 gold,
                  | have 21).
  2238 | D:3      | 2238 ||| Stepping ~*~*~tactically~*~*~ (stealth).
  2247 | D:3      | Reached XP level 4. HP: 34/35 MP: 5/5
  2349 | D:3      | Found a faded altar of an unknown god.
  2361 | D:3      | Found a shimmering altar of Xom.
  2382 | D:3      | 2382 ||| Stepping ~*~*~tactically~*~*~ (stealth).
  2384 | D:3      | 2384 ||| Stepping ~*~*~tactically~*~*~ (stealth).
  2386 | D:3      | 2386 ||| Stepping ~*~*~tactically~*~*~ (stealth).
  2387 | D:3      | 2387 ||| Stepping ~*~*~tactically~*~*~ (stealth).
  2389 | D:3      | 2389 ||| Stepping ~*~*~tactically~*~*~ (stealth).
  2390 | D:3      | 2390 ||| Stepping ~*~*~tactically~*~*~ (stealth).
  2391 | D:3      | 2391 ||| Stepping ~*~*~tactically~*~*~ (stealth).
  2393 | D:3      | 2393 ||| FLEEEEING.
  2394 | D:3      | 2394 ||| FLEEEEING.
  2395 | D:3      | 2395 ||| FLEEEEING.
  2396 | D:3      | 2396 ||| FLEEEEING.
  2397 | D:3      | 2397 ||| FLEEEEING.
  2398 | D:3      | 2398 ||| FLEEEEING.
  2399 | D:3      | 2399 ||| FLEEEEING.
  2400 | D:3      | 2400 ||| FLEEEEING.
  2401 | D:3      | 2401 ||| FLEEEEING.
  2402 | D:3      | 2402 ||| FLEEEEING.
  2403 | D:3      | 2403 ||| FLEEEEING.
  2404 | D:3      | 2404 ||| FLEEEEING.
  2410 | D:3      | 2410 ||| FLEEEEING.
  2411 | D:3      | 2411 ||| FLEEEEING.
  2417 | D:3      | 2417 ||| STAIRDANCE
  2457 | D:2      | 2457 ||| UPGRADING to +0 cloak.
  2462 | D:2      | 2462 ||| READING 2 scrolls labelled FALEAGG QEGO.
  2465 | D:2      | 2465 ||| READING scroll labelled KOJAIXAWKIQ.
  2466 | D:2      | 2466 ||| READING scroll labelled PAATWA IDDU.
  2467 | D:2      | 2467 ||| READING scroll labelled RIJYXT MON JIU.
  2468 | D:2      | 2468 ||| READING 2 scrolls of identify.
  2468 | D:2      | 2468 ||| IDENTIFYING fizzy brown potion
  2469 | D:2      | 2469 ||| DROPPING potion of degeneration.
  2508 | D:3      | 2508 ||| STAIRDANCE
  2523 | D:3      | 2523 ||| Stepping ~*~*~tactically~*~*~ (stealth).
  2529 | D:3      | 2529 ||| Stepping ~*~*~tactically~*~*~ (outnumbered).
  2534 | D:3      | 2534 ||| Stepping ~*~*~tactically~*~*~ (outnumbered).
  2536 | D:3      | 2536 ||| Stepping ~*~*~tactically~*~*~ (outnumbered).
  2542 | D:3      | 2542 ||| Stepping ~*~*~tactically~*~*~ (outnumbered).
  2544 | D:3      | 2544 ||| Stepping ~*~*~tactically~*~*~ (outnumbered).
  2546 | D:3      | 2546 ||| Stepping ~*~*~tactically~*~*~ (outnumbered).
  2547 | D:3      | 2547 ||| STAIRDANCE
  2579 | D:2      | 2579 ||| UPGRADING to +0 chain mail.
  2589 | D:2      | 2589 ||| DROPPING +0 ring mail.
  2603 | D:3      | 2603 ||| STAIRDANCE
  2725 | D:3      | Found Taneat's Magic Scroll Emporium.
  2734 | D:3      | 2734 ||| SHOPLISTING scroll of enchant armour (90 gold,
                  | have 47).
  2734 | D:3      | 2734 ||| BUYING scroll of identify (24 gold).
  2734 | D:3      | Bought a scroll of identify for 24 gold pieces
  2734 | D:3      | 2734 ||| SHOPLISTING scroll of identify (24 gold, have 23).
  2906 | D:3      | Found an ancient bone altar of Kikubaaqudgha.
  2918 | D:3      | 2918 ||| READING 2 scrolls of identify.
  2918 | D:3      | 2918 ||| IDENTIFYING bubbling sapphire potion
  2919 | D:3      | 2919 ||| DROPPING potion of berserk rage.
  2991 | D:3      | 2991 ||| READING scroll of teleportation.
  2992 | D:3      | 2992 ||| STAIRDANCE
  3197 | D:4      | Noticed an ogre
  3207 | D:4      | Mangled by an ogre

Levels and vault maps discovered:
D:1:      amcnicky_arrival_underground_garden, layout_loops_ring,
          hellmonk_ecumenical_altar_zigzags, serial_bayou_ford_a
D:2:      layout_loops_cross, minmay_pentomino_q2
D:3:      layout_basic, nicolae_overflow_ecumenical_swirl,
          kiku_gazebo_garden_becter, serial_shops, nicolae_lakefront_shop,
          nicolae_shop_stone
D:4:      layout_cave_pods, jmf_multi_god_temple2, serial_forest,
          infiniplex_forest_end_1, infiniplex_forest_clump_double,
          infiniplex_forest_lined_4_way, infiniplex_forest_diagonal,
          infiniplex_forest_straight_5, serial_shops, shop,
          ebering_dispersal_statue_hall, chequers_serial_rivers_micro_e,
          nrook_mini_vaults

Skill      XL: |  1  2  3 |
---------------+----------+-----
Unarmed Combat | 1 2 3 |  3.9
Fighting       | 1 |  1.1
Armour         | |  0.3
Dodging        | |  1.7
Stealth        | |  2.1
Spellcasting   | |  1.7
Conjurations   | |  0.7
Fire Magic     | |  2.4

Action                   |  1- 3 |  4- 6 || total
-------------------------+-------+-------++-------
Melee: Unarmed           |   119 |    58 ||   177
       Punch             |     2 |     1 ||     3
Throw: Boomerang         |       |    10 ||    10
  Use: Scroll            |     8 |     7 ||    15
       Potion            |     1 |       ||     1
Armor: Robe              |     4 |       ||     4
       Leather armour    |    15 |       ||    15
       Ring mail         |    22 |     7 ||    29
       Chain mail        |       |    14 ||    14
Dodge: Dodged            |    75 |    30 ||   105

Table legend:
 A = Non-vault XP
 B = Vault XP
 C = Vault XP percentage of total XP
 D = Non-vault monster count
 E = Vault monster count
 F = Vault count percentage of total count
                 A         B        C        D         E       F
            +---------+---------+-------+---------+---------+-------
      Total |     118 |       1 |   0.8 |      43 |       1 |   2.3
            +---------+---------+-------+---------+---------+-------
        D:1 |      25 |       0 |   0.0 |      15 |       0 |   0.0
        D:2 |      25 |       1 |   3.8 |       5 |       1 |  16.7
        D:3 |      66 |       0 |   0.0 |      22 |       0 |   0.0
        D:4 |       2 |       0 |   0.0 |       1 |       0 |   0.0
            +---------+---------+-------+---------+---------+-------
